 Dungeon Crawl Stone Soup version 0.18.1-50-g88ac8fd (webtiles) character file.

514 Ladykiller69 the Basher (level 7, -8/75 HPs)
             Began as an Ogre Gladiator on Oct 26, 2016.
             Was an Initiate of Okawaru.
             Mangled by a gnoll
             ... wielding a +0 halberd
              (14 damage)
             ... on level 4 of the Dungeon.
             The game lasted 00:13:41 (4782 turns).

Ladykiller69 the Basher (Ogre Gladiator)            Turns: 4782, Time: 00:13:41

Health: -8/75      AC:  3    Str: 21    XL:     7   Next: 20%
Magic:  7/7        EV: 10    Int:  7    God:    Okawaru [......]
Gold:   210        SH:  0    Dex: 12    Spells: 0 memorised, 6 levels left

rFire  . . .     SeeInvis .     a - +0 flail
rCold  . . .     Gourm    .     b - +0 robe
rNeg   . . .     Faith    .     (no shield)
rPois  .         Spirit   .     c - +0 hat
rElec  .         Dismiss  .     (no cloak)
rCorr  .         Reflect  .     (gloves unavailable)
SustAt .         Harm     .     (boots unavailable)
MR     .....                    (no amulet)
Stlth  +.........               (no ring)
                                (no ring)

@: not resistant to hostile enchantments, very unstealthy
A: unfitting armour, tough skin 1
a: Renounce Religion


You were on level 4 of the Dungeon.
You worshipped Okawaru.
Okawaru was noncommittal.
You were not hungry.

You visited 1 branch of the dungeon, and saw 4 of its levels.
You also visited: Sewer.

You collected 210 gold pieces.

Inventory:

Hand Weapons
 a - a +0 flail (weapon)
Missiles
 d - 3 throwing nets
 h - 182 stones (quivered)
Armour
 b - a +0 robe (worn)
 c - a +0 hat (worn)
Jewellery
 j - a +5 ring of intelligence {unknown}
Scrolls
 e - 5 scrolls of blinking {unknown}
 g - 6 scrolls of identify {unknown}
 l - 6 scrolls of teleportation {unknown}
 m - 2 scrolls of amnesia {unknown}
 o - a scroll of remove curse {unknown}
 q - a scroll of random uselessness {unknown}
 r - a scroll of recharging {unknown}
 s - 2 scrolls of enchant weapon {unknown}
 t - a scroll of fear {unknown}
Potions
 i - a potion of brilliance
 v - a potion of curing
 w - 2 potions of might
Comestibles
 f - 2 bread rations
 k - 4 fruits
 n - 2 meat rations
 p - 4 chunks of flesh


   Skills:
 + Level 6.2 Fighting
 * Level 8.6 Maces & Flails
 - Level 2.0 Throwing
 - Level 3.0 Dodging


You had 6 spell levels left.
You didn't know any spells.

Dungeon Overview and Level Annotations

Branches:
Dungeon (4/15)
 Temple: D:4-7

Altars:
Ashenzari
Elyvilon
Kikubaaqudgha
Okawaru
Pakellas
Xom


Innate Abilities, Weirdness & Mutations

You are too large for most types of armour.
You have tough skin (AC +1).


Message History

The gnoll hits you with a halberd!
* * * LOW HITPOINT WARNING * * *
Drink which item? (? for menu, Esc to quit)
It was a potion of curing.
You feel better. The gnoll hits you with a halberd.
* * * LOW HITPOINT WARNING * * *
Drink which item? (? for menu, Esc to quit)
It was a potion of magic.
Magic courses through your body. The gnoll barely misses you.
Drink which item? (? for menu, Esc to quit)
It was a potion of cure mutation.
It has a very clean taste.
You are too injured to fight recklessly!
You are too injured to fight recklessly!
You are too injured to fight recklessly!
You closely miss the gnoll.
The gnoll is lightly wounded.
The gnoll closely misses you.
You hit the gnoll but do no damage.
The gnoll is lightly wounded.
The gnoll hits you with a halberd!
You die...

.......# #.#.♣....♣♣♣
#..♣♣ P ########
#.#.♣♣♣..♣.♣ ♣P♣....♣
##########.##P♣♣♣.P.♣
♣♣♣.♣♣.♣
..g.............♣...♣
P.
###########...P.♣...♣
♣♣P ##.#.♣♣♣..♣♣ 8P
#..♣...♣..♣.. g.
#....g.♣..... .8
##.♣.@P.♣.♣..P.
#..♣♣♣..♣.♣.... ###♣
♣..P...♣§♣ ♣.P.♣♣PP..
♣...♣ ♣ .. ♣♣♣##


You could see a gnoll.

Vanquished Creatures
  A crimson imp (D:4)
  A hound (D:4)
  A gnoll shaman (D:3)
  Natasha (thrice) (D:3)
  2 worker ants
  Robin (D:3)
  4 gnolls
  8 adders
  5 oozes
  5 worms
  A dart slug (D:3)
  6 giant geckos
  10 orcs
  5 giant cockroaches
  16 goblins
  10 hobgoblins
  7 jackals
  3 quokkas (D:4)
  8 ball pythons
  9 bats
  10 giant newts
  12 kobolds
  10 rats
  A plant (Sewer)
139 creatures vanquished.

Vanquished Creatures (others)
  2 plants (D:4)
2 creatures vanquished.

Grand Total: 141 creatures vanquished

Notes
Turn   | Place    | Note
--------------------------------------------------------------
     0 | D:1      | Ladykiller69 the Ogre Gladiator began the quest for the Orb.
     0 | D:1      | Reached XP level 1. HP: 22/22 MP: 1/1
   205 | D:1      | Reached XP level 2. HP: 31/31 MP: 2/2
   479 | D:1      | Reached XP level 3. HP: 33/37 MP: 3/3
   998 | D:2      | Reached skill level 5 in Maces & Flails
  1024 | D:2      | Found an oddly glowing altar of Pakellas.
  1137 | D:2      | Reached XP level 4. HP: 48/48 MP: 4/4
  1414 | D:2      | Found a faded altar to an unknown god.
  1643 | D:3      | Noticed Robin
  1670 | D:3      | Killed Robin
  1674 | D:3      | Reached skill level 6 in Maces & Flails
  1674 | D:3      | Reached XP level 5. HP: 15/55 MP: 5/5
  2044 | D:3      | Found a glowing drain.
  2053 | Sewer    | Entered a sewer
  2785 | D:3      | Reached skill level 5 in Fighting
  2785 | D:3      | Reached skill level 7 in Maces & Flails
  2785 | D:3      | Reached XP level 6. HP: 32/66 MP: 6/6
  3176 | D:3      | Noticed Natasha
  3182 | D:3      | Killed Natasha
  3309 | D:3      | Noticed Natasha
  3316 | D:3      | Killed Natasha
  3688 | D:3      | Noticed Natasha
  3701 | D:3      | Killed Natasha
  3701 | D:3      | Reached skill level 8 in Maces & Flails
  4201 | D:4      | Found a shimmering altar of Xom.
  4205 | D:4      | Found a white marble altar of Elyvilon.
  4206 | D:4      | Found an ancient bone altar of Kikubaaqudgha.
  4206 | D:4      | Found a shattered altar of Ashenzari.
  4207 | D:4      | Found an iron altar of Okawaru.
  4216 | D:4      | Became a worshipper of Warmaster Okawaru
  4265 | D:4      | Reached XP level 7. HP: 51/74 MP: 7/7
  4782 | D:4      | Mangled by a gnoll

Skill      XL: |  1  2  3  4  5  6  7 |
---------------+----------------------+-----
Fighting       | 3 4 5 6 |  6.2
Dodging        | 3 |  3.0
Maces & Flails | 5 6 7 8 |  8.6
Throwing       | |  2.0

Action                   |  1- 3 |  4- 6 |  7- 9 || total
-------------------------+-------+-------+-------++-------
Melee: Flail             |   124 |   302 |    59 ||   485
Throw: Stone             |       |     1 |       ||     1
  Use: Potion            |       |     2 |     3 ||     5
 Stab: Sleeping          |     2 |       |     1 ||     3
  Eat: Chunk             |       |    12 |     1 ||    13
Armor: Robe              |    38 |    63 |     5 ||   106
Dodge: Dodged            |    82 |   140 |    35 ||   257
